AoeStats
← x2 ☃

MegaRandom

510464202Analyzed
3v3 RM · 3d ago on Oct 1, 2026· 94m 13s· 6 players
Game mode
Random Map
Map size
Normal (6 player)
Population
200
Speed
Normal
Resources
Standard
Victory
Conquest
Starting age
Dark Age
Ending age
Imperial Age
RankedLock teamsTeams togetherTeam positionsShared explorationLock speedFull tech treeHidden civsTurbo modeCheats
Victory
Defeat
🇺🇸 Mongols · United States
921
+13
🇺🇸 Spanish · United States
918
+13
🇺🇸 Mapuche · United States
844
+16
🇺🇾 Bulgarians · Uruguay
875
-15
🇺🇾 Vikings · Uruguay
872
-15
🇨🇴 Cumans · Colombia
792
-12
vitavidal91
7:07 Loom
12:28 Feudal Age
13:43 Fishing Lines
19:23 Castle Age
21:22 Fletching
21:33 Padded Archer Armor
21:46 Double-Bit Axe
21:43 Horse Collar
21:49 Crossbowman
25:36 Bodkin Arrow
30:13 Ballistics
32:01 Forging
31:51 Scale Mail Armor
40:00 Imperial Age
39:09 Bow Saw
38:59 Heavy Plow
38:52 Gold Mining
38:55 Stone Mining
40:12 Leather Archer Armor
40:23 Arbalester
42:11 Chemistry
41:14 Bracer
41:32 Bogsveigar
42:48 Ring Archer Armor
44:13 Conscription
49:22 Capped Ram
65:26 Light Cavalry
67:01 Scale Barding Armor
67:34 Iron Casting
68:33 Chain Barding Armor
69:13 Blast Furnace
78:29 Gold Shaft Mining
83:14 Elite Skirmisher
85:42 Gillnets
felipegarcia92
5:35 Loom
12:00 Feudal Age
19:10 Castle Age
17:34 Double-Bit Axe
17:42 Horse Collar
18:48 Forging
24:42 Squires
24:28 Gambesons
24:50 Scale Mail Armor
26:44 Bloodlines
27:25 Gold Mining
28:35 Heavy Plow
30:35 Wheelbarrow
31:00 Pikeman
36:11 Husbandry
37:08 Hand Cart
40:53 Ballistics
49:08 Light Cavalry
54:44 Scale Barding Armor
55:38 Iron Casting
58:08 Chain Barding Armor
63:58 Caravan
77:52 Stirrups
88:06 Imperial Age
91:15 Plate Barding Armor
91:11 Elite Konnik
93:40 Blast Furnace
LRIN_kinhonor83
7:59 Loom
10:23 Feudal Age
10:52 Double-Bit Axe
17:23 Castle Age
26:08 Forging
30:05 Scale Barding Armor
31:17 Bloodlines
33:09 Iron Casting
32:59 Chain Barding Armor
33:49 Bow Saw
33:48 Fletching
34:03 Padded Archer Armor
34:44 Iron Casting
40:03 Wheelbarrow
39:30 Gold Mining
39:34 Stone Mining
42:55 Imperial Age
40:13 Town Watch
40:42 Steppe Husbandry
43:18 Heresy
44:13 Plate Barding Armor
43:02 Cavalier
44:11 Conscription
44:49 Paladin
46:43 Blast Furnace
47:46 Fletching
48:01 Padded Archer Armor
49:06 Gold Shaft Mining
49:33 Thumb Ring
48:51 Elite Skirmisher
50:15 Bodkin Arrow
51:43 Leather Archer Armor
51:06 Elite Kipchak
56:42 Chemistry
56:04 Ballistics
56:52 Chemistry
65:52 Light Cavalry
66:48 Hussar
85:32 Man-at-Arms
86:53 Scale Mail Armor
Nezmorn
5:15 Loom
11:24 Feudal Age
11:52 Double-Bit Axe
15:20 Wheelbarrow
19:14 Castle Age
17:19 Horse Collar
23:46 Hand Cart
24:53 Husbandry
25:04 Bloodlines
25:21 Fervor
25:31 Sanctity
31:11 Inquisition
31:34 Ballistics
35:50 Imperial Age
35:20 Murder Holes
35:37 Masonry
38:19 Conscription
37:54 Onager
38:59 Conscription
38:09 Sappers
40:45 Fletching
41:08 Forging
41:03 Scale Barding Armor
40:23 Cavalier
45:15 Pikeman
45:56 Squires
45:43 Gambesons
48:07 Elite Skirmisher
48:53 Thumb Ring
48:39 Elite Conquistador
49:40 Supremacy
49:57 Hoardings
49:43 Halberdier
54:30 Iron Casting
54:18 Chain Barding Armor
53:55 Bodkin Arrow
60:35 Blast Furnace
59:36 Scale Mail Armor
59:38 Bracer
61:41 Paladin
67:02 Chain Mail Armor
67:24 Plate Barding Armor
67:53 Redemption
74:41 Plate Mail Armor
74:13 Padded Archer Armor
74:23 Heavy Plow
Nivix Zixer
7:34 Loom
10:23 Feudal Age
12:48 Champi Runner
16:39 Wheelbarrow
20:20 Castle Age
20:05 Forging
19:55 Scale Mail Armor
22:45 Elite Skirmisher
22:52 Champi Warrior
24:53 Ballistics
24:38 Double-Bit Axe
27:46 Pikeman
28:47 Horse Collar
30:57 Iron Casting
30:37 Chain Mail Armor
31:37 Bow Saw
31:17 Gold Mining
33:12 Hand Cart
33:48 Chain Mail Armor
34:31 Fletching
35:27 Murder Holes
37:57 Masonry
43:41 Imperial Age
45:17 Town Watch
44:55 Halberdier
45:48 Butalmapu
47:04 Hoardings
47:47 Elite Kona
48:40 Malon
48:40 Bodkin Arrow
48:45 Padded Archer Armor
59:59 Blast Furnace
59:29 Plate Mail Armor
61:38 Architecture
65:53 Treadmill Crane
67:16 Chemistry
68:14 Chemistry
74:34 Heavy Plow
74:56 Leather Archer Armor
83:01 Elite Kona
x2 ☃
7:58 Loom
9:44 Feudal Age
13:36 Double-Bit Axe
13:33 Horse Collar
20:59 Castle Age
19:09 Stone Mining
19:25 Gold Mining
24:15 Bow Saw
24:50 Fletching
25:47 Thumb Ring
26:18 Padded Archer Armor
26:13 Bodkin Arrow
26:48 Elite Skirmisher
27:47 Heavy Plow
30:15 Leather Archer Armor
31:44 Ballistics
33:02 Scale Barding Armor
38:34 Imperial Age
37:07 Masonry
37:26 Light Cavalry
38:18 Bloodlines
38:21 Husbandry
39:45 Conscription
40:31 Wheelbarrow
41:40 Chemistry
41:22 Bracer
43:36 Elite Mangudai
47:09 Onager
48:31 Hand Cart
48:41 Chain Barding Armor
49:25 Drill
51:06 Siege Onager
51:53 Hussar
52:46 Forging
62:07 Iron Casting
74:59 Caravan
78:57 Blast Furnace
Connection lost

Rejoining the realm…

Still unreachable

The connection could not be restored.

Session expired

The server has moved on; the page needs a fresh start.